 Dungeon Crawl Stone Soup version 0.31-a0-846-gb3bcc0d938 (webtiles) character file.

Game seed: 12716968486085584366

1815 lunkers the Martial Artist (level 9, -3/64 HPs)
             Began as a Meteoran Shapeshifter on Oct 2, 2023.
             Killed from afar by Dowan (14 damage)
             ... with a stone arrow
             ... on level 6 of the Dungeon on Oct 3, 2023.
             The game lasted 00:11:28 (2440 turns).

lunkers the Martial Artist (Meteoran Shapeshifter)  Turns: 2440, Time: 00:11:29

Health: -3/64      AC:  9    Str: 16    XL:     9   Next: 57%
Magic:  10/10      EV: 10    Int: 13    God:
Gold:   163        SH:  0    Dex: 17    Spells: 8/8 levels left

rFire   . .          .
                       - Unarmed
rCold   . . .        (no shield)
rNeg    . . .        m - +3 scale mail {rPois}
rPois   +            (helmet currently unavailable)
rElec   .            (cloak currently unavailable)
rCorr   .            (gloves currently unavailable)
SInv    .            (boots currently unavailable)
Will    +....        (no amulet) Stlth
                     (no ring)
HPRegen 0.30/turn    (no ring)
MPRegen 0.12/turn

%: no passive effects
@: beast-form, glowing, studying Shapeshifting
A: beast (slay +4), sense surroundings 2, otherworldly, glowing, explore regen
a: Begin Untransformation


You were on level 6 of the Dungeon.
You were a hulking beast.
You visited 1 branch of the dungeon, and saw 6 of its levels.
You also visited: Ossuary.

You collected 163 gold pieces.

Inventory:

Armour
 j - the +0 leather armour of Oratt {Int+2}
   (You found it on level 2 of the Dungeon)

   Int+2:     It affects your intelligence (+2).
 l - a +0 helmet
 m - a +3 scale mail of poison resistance (worn)
Jewellery
 a - a +6 ring of intelligence
 n - a ring of resist corrosion
Talismans
 c - a beast talisman (active)
 d - a flux talisman
Wands
 w - a wand of acid (10)
Scrolls
 b - a scroll of amnesia
 e - a scroll of brand weapon
 f - a scroll of enchant armour
 g - a scroll of poison
 h - a scroll of identify
 o - a scroll of fog
 s - 2 scrolls of fear
 v - a scroll of blinking
Potions
 i - 2 potions of might
 k - 5 potions of heal wounds
 p - a potion of resistance
 q - a potion of attraction
 u - 3 potions of brilliance
 x - a potion of mutation
 z - a potion of invisibility


   Skills:
 - Level 1.1 Fighting
 - Level 2.1 Dodging
 * Level 11.7 Unarmed Combat
 + Level 9.1 Shapeshifting


You had 8 spell levels left.
You didn't know any spells.
Your spell library contained the following spells:

 Spells                   Type           Power      Damage    Failure   Level
 Shock                    Conj/Air       0%         1d3       75%         1
 Dazzling Flash           Conj/Hex       0%         N/A       98%         3
 Swiftness                Air            0%         N/A       98%         3
 Volatile Blastmotes      Fire/Tloc      0%         2d10      98%         3
 Airstrike                Air            0%         2d(0-16)  100%        4
 Starburst                Conj/Fire      0%         6d3       100%        6
 Maxwell's Capacitive Co  Air            0%         ∞         100%        8


Dungeon Overview and Level Annotations

Branches:
Dungeon (6/15) Zot: 1564  Ossuary (visited)
 Temple: D:4-7

Altars:
Uskayaw

Shops:
D:3 !   D:6 [

Annotations:
D:6 Dowan


Innate Abilities, Weirdness & Mutations

You are a hulking beast.
Your limbs bulge with bestial killing power. (Slay +4)
You passively map the area around you.
You are easily found by Zot.
You glow in the dark.
You regain HP and MP as you explore.


Message History

Unknown command.
You hit Duvessa.
Duvessa is heavily wounded.
Duvessa barely misses you.
Duvessa hits you with a +0 short sword of speed.
* * * LOW HITPOINT WARNING * * *
You hit Duvessa.
Duvessa is severely wounded.
Duvessa hits you but does no damage.
You punch Duvessa!
Duvessa is almost dead.
Dowan mumbles some strange words.
Dowan blinks!
Duvessa hits you but does no damage.
You hit Duvessa.
Duvessa is almost dead.
Duvessa hits you with a +0 short sword of speed.
* * * LOW HITPOINT WARNING * * *
You hit Duvessa.
You kill Duvessa!
Dowan screams, "No!
No!"
Dowan seems to find hidden reserves of power!
Your life force feels restored.
Your Shapeshifting skill increases to level 9!
Dowan points at you and mumbles some strange words.
The shard of ice hits you!
* * * LOW HITPOINT WARNING * * *
Dowan gestures wildly while chanting.
Dowan blinks!
Things that are here:
a +0 short sword of speed; a +0 ring mail Unknown command.
You pummel Dowan!! Your punch misses Dowan.
Dowan is severely wounded.
Dowan barely misses you.
Unknown command.
You hit Dowan but do no damage.
Dowan is severely wounded.
Dowan gestures at you while chanting. The stone arrow hits you!
You die...

* #.....# #. #.)...# #,
** #.##..## **, , , ,,,
... #...###### , **####
#......... * , *
##.###.##. ** , #######*
#.# .., , ,
.......#####.###...#####
* , * *
*#.h.).............. , *
#e#####.....>#.#... * *
#. ######## #... * #.
#... , , , #. #... #.*
#### , * ** ***#. * * *,
* , , , .. ,,, , ,, , ,,
, ,


You could see Dowan (fast).

Vanquished Creatures
  Grinder (D:3)
  2 wraiths (Ossuary)
  2 water moccasins
  Duvessa (D:6)
  A phantom (D:5)
  5 scorpions
  6 wights
  A jelly (D:4)
  An orc priest (D:5)
  2 hounds
  An iguana (D:5)
  2 sleepcaps (D:5)
  4 adders
  An adder zombie (Ossuary)
  2 dart slugs
  6 orcs
  9 ball pythons
  2 bats
  9 endoplasms
  2 giant cockroaches
  9 goblins
  5 hobgoblins
  12 jackals
  3 quokkas
  2 ball python skeletons (Ossuary)
  2 frilled lizards
  A hobgoblin skeleton (Ossuary)
  A hobgoblin zombie (Ossuary)
  8 kobolds
  2 kobold zombies (Ossuary)
  An orc skeleton (Ossuary)
  An orc zombie (Ossuary)
  3 rats
110 creatures vanquished.

Notes
Turn   | Place    | Note
-------+----------+-------------------------------------------
     0 | D:1      | lunkers the Meteoran Shapeshifter began the quest for the
                  | Orb.
     0 | D:1      | Reached XP level 1. HP: 16/16 MP: 2/2
    78 | D:1      | Reached XP level 2. HP: 23/23 MP: 3/3
    82 | D:1      | Reached skill level 4 in Unarmed Combat
   209 | D:1      | Reached XP level 3. HP: 23/25 MP: 4/4
   504 | D:1      | Glimpsed the power of Zot.
   557 | D:2      | Identified the +0 leather armour of Oratt {Int+2}
   728 | D:2      | Reached XP level 4. HP: 35/35 MP: 5/5
   882 | D:2      | Reached skill level 5 in Unarmed Combat
   927 | D:3      | Found Fokhowiu's Distillery.
  1081 | D:3      | Noticed Grinder
  1101 | D:3      | Paralysed by Grinder for 2 turns
  1104 | D:3      | Killed Grinder
  1105 | D:3      | Reached skill level 6 in Unarmed Combat
  1105 | D:3      | Reached skill level 5 in Shapeshifting
  1105 | D:3      | Reached XP level 5. HP: 37/40 MP: 6/6
  1105 | D:3      | Reached XP level 6. HP: 43/47 MP: 7/7
  1393 | D:4      | Noticed a water moccasin
  1404 | D:4      | Killed a water moccasin
  1405 | D:4      | Reached skill level 7 in Unarmed Combat
  1405 | D:4      | Reached XP level 7. HP: 18/52 MP: 8/8
  1479 | D:4      | Reached skill level 8 in Unarmed Combat
  1655 | D:5      | Entered Level 5 of the Dungeon
  1685 | D:5      | Reached XP level 8. HP: 45/59 MP: 9/9
  1738 | D:5      | Reached skill level 9 in Unarmed Combat
  1761 | D:5      | Found a sand-covered staircase.
  1766 | Ossuary  | Entered an ossuary
  1850 | Ossuary  | Noticed a flying skull
  1850 | Ossuary  | Noticed a wraith
  1857 | Ossuary  | Noticed a flying skull
  1863 | Ossuary  | Noticed a flying skull
  1885 | Ossuary  | Noticed a flying skull
  1886 | Ossuary  | Noticed a flying skull
  1893 | Ossuary  | Noticed a wraith
  1905 | Ossuary  | Killed a wraith
  1951 | Ossuary  | Noticed a wraith
  1965 | Ossuary  | Killed a wraith
  1966 | Ossuary  | Reached skill level 10 in Unarmed Combat
  1966 | Ossuary  | Gained mutation: You passively map the area around you.
                  | [Meteoran growth]
  1966 | Ossuary  | Reached XP level 9. HP: 7/64 MP: 10/10
  1987 | Ossuary  | Identified a scroll of acquirement
  1987 | Ossuary  | Acquired a manual of Shapeshifting
  2148 | D:5      | Found a hide-covered altar of Uskayaw.
  2199 | D:5      | Upgraded the game from 0.31-a0-845-g9abc20d24f to
                  | 0.31-a0-846-gb3bcc0d938
  2360 | D:6      | Found Caruler's Antique Armour Shoppe.
  2380 | D:6      | Reached skill level 11 in Unarmed Combat
  2424 | D:6      | Noticed Duvessa
  2425 | D:6      | Noticed Dowan
  2435 | D:6      | Killed Duvessa
  2440 | D:6      | Killed from afar by Dowan

Illustrated notes

Levels and vault maps discovered:
D:1:      scummos_arrival_simple_fountains, layout_basic, minmay_pentomino_p2
D:2:      layout_basic, uniq_terence
D:3:      layout_rooms, serial_shops, nicolae_shop_trees, minivault_23,
          uniq_grinder
D:4:      minmay_bubble_buster, layout_basic,
          grunt_temple_overflow_lords_of_destruction, marbit_many_paths,
          ebering_ghost_rock_garden, corexii_hall_statues_l, uniq_blork_the_orc,
          uniq_ijyb
D:5:      layout_rooms, nicolae_uskayaw_dance_hall, enter_ossuary_5
D:6:      layout_basic, kennysheep_little_box, minmay_temple_entry_poolview,
          serial_shops, nicolae_diamond_shop, reono_crystal_passage,
          uniq_edmund, uniq_duvessa, uniq_crazy_yiuf_cottage

Skill      XL: |  1  2  3  4  5  6  7  8  9 |
---------------+----------------------------+-----
Unarmed Combat | 4 6 7 8 10 11 | 11.7
Shapeshifting  | 4 5 6 7 9 |  9.1
Fighting       | |  1.1
Dodging        | |  2.1

Action                     |  1- 3 |  4- 6 |  7- 9 || total
---------------------------+-------+-------+-------++-------
  Melee: Unarmed           |    71 |   100 |   173 ||   344
         Punch             |     1 |     2 |     5 ||     8
    Use: Potion            |       |     1 |       ||     1
         Scroll            |       |       |    20 ||    20
 Armour: Animal skin       |    30 |       |       ||    30
         Leather armour    |     1 |       |       ||     1
         Scale mail        |       |    52 |   115 ||   167
         Skin              |       |    16 |       ||    16
  Dodge: Dodged            |    37 |    35 |    58 ||   130

Table legend: (Time is in decaauts)
 A = Elapsed time spent in this place.
 B = Non-inter-level travel time spent in this place.
 C = Inter-level travel time spent in this place.
 D = Time resting spent in this place.
 E = Time spent auto-exploring this place.
 F = Levels seen in this place.
 G = Mean time per level.
                   A        B        C        D        E       F      G
               +--------+--------+--------+--------+--------+-----+--------+
         Total |   2412 |   2255 |    157 |    109 |   1146 |   7 |  344.6 |
       Dungeon |   2035 |   1878 |    157 |      9 |   1010 |   6 |  339.2 |
       Ossuary |    377 |    377 |      0 |    100 |    136 |   1 |  377.0 |
               +--------+--------+--------+--------+--------+-----+--------+

Top non-repeatable levels by time:
     D:1: 529 daAuts
     D:4: 481 daAuts
 Ossuary: 377 daAuts
     D:2: 348 daAuts
     D:5: 284 daAuts
     D:3: 274 daAuts
     D:6: 116 daAuts
